 Dungeon Crawl Stone Soup version 0.31-a0-18-gea43df2a32 (webtiles) character file.

Game seed: 17125878889481291244

1388 pk666 the Magician (level 8, -1/37 (41) HPs)
             Began as a Deep Elf Hedge Wizard on May 12, 2023.
             Slain by a wight
             ... wielding a +0 falchion
              (6 damage)
             ... on level 6 of the Dungeon.
             The game lasted 00:18:53 (6655 turns).

pk666 the Magician (Deep Elf Hedge Wizard)          Turns: 6655, Time: 00:18:54

HP:   -1/37 (41)    AC:  4    Str:  7    XL:     8   Next: 40%
MP:   21/30         EV: 12    Int: 22    God:
Gold: 252           SH:  0    Dex: 14    Spells: 15/22 levels left

rFire   . . .        y - +5 woodcutter's axe
rCold   . . .        (shield currently unavailable)
rNeg    . . .        o - +1 robe {Will+}
rPois   .            c - +0 hat
rElec   .            (no cloak)
rCorr   .            p - +0 pair of gloves
SInv    .            (no boots)
Will    +....        (no amulet)
Stlth   ++           j - ring of magical power
HPRegen 0.26/turn    z - ring of flight
MPRegen 0.22/turn

%: no passive effects
@: on blink cooldown, flying, drained
A: no striking features
a: no special abilities


You were on level 6 of the Dungeon.
You visited 2 branches of the dungeon, and saw 7 of its levels.

You collected 252 gold pieces.

Inventory:

Hand Weapons
 t - a +0 dagger of speed
 y - the +5 woodcutter's axe (weapon)
   (You took it off a gnoll on level 3 of the Dungeon)
Missiles
 x - 5 throwing nets
Armour
 c - a +0 hat (worn)
 o - a +1 robe of willpower (worn)
 p - a +0 pair of gloves (worn)
Jewellery
 j - a ring of magical power (left hand)
 z - a ring of flight (right hand)
 A - an amulet of faith
 E - an amulet of regeneration
 F - a ring of see invisible
Wands
 D - a wand of polymorph (8)
 H - a wand of charming (6)
Scrolls
 b - a scroll of torment {unknown}
 e - a scroll of enchant weapon {unknown}
 f - 3 scrolls of magic mapping {unknown}
 k - 3 scrolls of noise {unknown}
 m - a scroll of enchant armour {unknown}
 n - a scroll of amnesia {unknown}
 q - 3 scrolls of identify {unknown}
 u - a scroll of teleportation {unknown}
 w - 3 scrolls of fear {unknown}
 C - a scroll of fog {unknown}
 G - a scroll of poison {unknown}
Potions
 a - 2 potions of brilliance {unknown}
 d - 2 potions of magic
 g - a potion of ambrosia {unknown}
 h - 2 potions of curing
 i - a potion of invisibility {unknown}
 l - a potion of lignification {unknown}
 r - a potion of resistance {unknown}
 s - 2 potions of haste {unknown}
 v - 2 potions of heal wounds {unknown}
 B - 2 potions of might {unknown}


   Skills:
 - Level 2.4 Dodging
 - Level 2.4 Stealth
 + Level 7.5 Spellcasting
 + Level 5.0 Conjurations
 - Level 1.1 Summonings
 - Level 4.7 Translocations
 + Level 3.2 Air Magic
 - Level 6.1 Poison Magic


You had 15 spell levels left.
You knew the following spells:

 Your Spells              Type           Power      Damage    Failure   Level
a - Magic Dart            Conj           100%       1d8       1%          1
b - Blink                 Tloc           58%        N/A       1%          2
c - Mephitic Cloud        Conj/Pois/Air  29%        N/A       3%          3
d - Apportation           Tloc           58%        N/A       1%          1

Your spell library contained the following spells:

 Spells                   Type           Power      Damage    Failure   Level
 Cigotuvi's Dreadful Rot  Necr/Pois/Air  44%        N/A       3%          2
 Vhi's Electric Charge    Tloc/Air       50%        N/A       4%          3
 Swiftness                Air            22%        N/A       6%          3
 Freeze                   Ice            32%        1d5       8%          1
 Sandblast                Erth           16%        2d6       8%          1
 Slow                     Hex            32%        N/A       8%          1
 Call Imp                 Summ           26%        N/A       8%          2
 Hailstorm                Conj/Ice       19%        3d6       9%          3
 Portal Projectile        Hex/Tloc       36%        N/A       9%          3
 Stone Arrow              Conj/Erth      38%        3d9       9%          3
 Ensorcelled Hibernation  Hex/Ice        16%        N/A       12%         2
 Passwall                 Tmut/Erth      6%         N/A       12%         2
 Frozen Ramparts          Ice            16%        1d3       24%         3
 Inner Flame              Hex/Fire       8%         N/A       24%         3
 Tukima's Dance           Hex            8%         N/A       24%         3
 Arcjolt                  Conj/Air       13%        1d23      36%         5
 Alistair's Intoxication  Tmut/Pois      14%        N/A       52%         5
 Blade Hands              Tmut           4%         N/A       91%         5
 Yara's Violent Unravell  Hex/Tmut       4%         3d4       91%         5
 Plasma Beam              Fire/Air       7%         2x1d20    99%         6
 Enfeeble                 Hex            4%         N/A       100%        7


Dungeon Overview and Level Annotations

Branches:
Dungeon (6/15)             Temple (1/1) D:4

Altars:
Ashenzari
Elyvilon
Fedhas
Gozag
Hepliaklqana
Kikubaaqudgha
Nemelex Xobeh
Okawaru
Ru
Sif Muna
Yredelemnul
The Shining One


Message History

The orc hits you with a +0 flail.
You barely miss the orc.
The orc is severely wounded.
The orc closely misses you.
A wight comes into view. It is wielding a +4 battleaxe.
The orc attacks as you move away! The orc hits you with a +0 flail.
* * * LOW HITPOINT WARNING * * *
The orc attacks as you move away! The orc closely misses you.
The orc attacks as you move away! The orc hits you with a +0 flail.
* * * LOW HITPOINT WARNING * * *
Casting: Magic Dart (safe; 1% risk of failure)
Confirm with . or Enter, or press ? or * to list all spells.
You blink.
Casting: Blink (safe; 1% risk of failure)
Confirm with . or Enter, or press ? or * to list all spells.
Aiming: Mephitic Cloud (dangerous; 3% risk of failure)
Press: ? - help, Shift-Dir - straight line, f - orc
Aim: an orc, wielding a +0 flail and wearing a +0 leather armour (translocational energy, severely wounded, chance to affect: 96%)
The ball explodes into a vile cloud!
The stinking cloud engulfs the orc but does no damage.
The orc is severely wounded.
You feel stable enough to blink again.
A wight comes into view. It is wielding a +0 falchion.
The wight hits you with a +0 falchion.
* * * LOW HITPOINT WARNING * * *
The wight attacks as you move away! The wight hits you with a +0 falchion.
* * * LOW HITPOINT WARNING * * *
You feel drained. The wight attacks as you move away!
The wight hits you with a +0 falchion.
* * * LOW HITPOINT WARNING * * *
You feel drained.
* * * LOW HITPOINT WARNING * * *
Casting: Mephitic Cloud (dangerous; 3% risk of failure)
Confirm with . or Enter, or press ? or * to list all spells.
You blink.
Casting: Blink (safe; 1% risk of failure)
Confirm with . or Enter, or press ? or * to list all spells.
You are still too unstable to blink.
The wight attacks as you move away! The wight hits you with a +0 falchion.
You die...

#........# #.# #..##...
#........# #.# #.......
#..##[##### ##.####..##...
#.###.# ######...)...###... #...#
........##..###.... #.#†####
##.####.##.## #.... #.#....# #.#
#....# #.... #.#....# #.####<.###
#....
#....o<########@z.....######....
#..#..)...)............[........
##(.#.).#######.#####...##..#....
....)...# #.................#....
...>...####.##..#####.##.##.#....
##.)##.......#o######.##..#.#....
.K..####..)#..z..................
#.#.### .#####.######.# ##...#...
#.#...# # #..# #.# ##......


You could see 2 wights and an orc.

Vanquished Creatures
  An orc warrior (D:6)
  An ice beast (D:5)
  2 black bears
  A centaur (D:4)
  2 ogres (D:5)
  A gnoll sergeant (D:3)
  A howler monkey (D:3)
  4 hounds
  2 jellies (D:6)
  An orc priest (D:6)
  Jessica (D:3)
  3 iguanas
  3 orc wizards
  7 adders
  11 gnolls
  A shadow imp (D:4)
  A white imp (D:4)
  4 worms
  A dart slug (D:1)
  4 orcs
  9 endoplasms
  3 giant cockroaches
  4 goblins
  10 hobgoblins
  17 jackals
  6 quokkas
  13 ball pythons
  6 bats
  2 frilled lizards (D:1)
  9 kobolds
  7 rats
138 creatures vanquished.

Notes
Turn   | Place    | Note
-------+----------+-------------------------------------------
     0 | D:1      | pk666 the Deep Elf Hedge Wizard began the quest for the
                  | Orb.
     0 | D:1      | Reached XP level 1. HP: 10/10 MP: 7/7
   210 | D:1      | Found a faded altar of an unknown god.
   347 | D:1      | Reached XP level 2. HP: 4/15 MP: 1/9
  1100 | D:1      | Reached XP level 3. HP: 19/19 MP: 7/11
  1103 | D:1      | Learned a level 2 spell: Blink
  1107 | D:1      | Learned a level 3 spell: Mephitic Cloud
  1166 | D:1      | Reached skill level 5 in Spellcasting
  1817 | D:1      | Reached skill level 1 in Air Magic
  1817 | D:1      | Reached skill level 1 in Poison Magic
  1922 | D:2      | Reached XP level 4. HP: 24/24 MP: 12/13
  2766 | D:3      | Reached XP level 5. HP: 28/28 MP: 14/14
  2777 | D:3      | Noticed Jessica
  2778 | D:3      | Noticed a black bear
  2780 | D:3      | Killed Jessica
  2792 | D:3      | Killed a black bear
  2793 | D:3      | Reached XP level 6. HP: 27/32 MP: 2/16
  4301 | D:4      | Found a staircase to the Ecumenical Temple.
  4304 | D:4      | Reached skill level 6 in Spellcasting
  4313 | Temple   | Entered the Ecumenical Temple
  4785 | D:4      | Reached XP level 7. HP: 32/36 MP: 18/18
  5192 | D:5      | Entered Level 5 of the Dungeon
  5627 | D:5      | Reached skill level 5 in Poison Magic
  5874 | D:5      | Found a broken altar of Ashenzari.
  5936 | D:5      | Reached XP level 8. HP: 41/41 MP: 19/20
  6169 | D:6      | Reached skill level 7 in Spellcasting
  6556 | D:6      | Learned a level 1 spell: Apportation
  6632 | D:6      | Reached skill level 5 in Conjurations
  6655 | D:6      | Slain by a wight

Illustrated notes

Levels and vault maps discovered:
D:1:      tarquinn_simple_flora_water_f, layout_basic,
          ebering_ecumenical_altar_sacrificial, st_stairs_9,
          serial_bayou_pond_c, ebering_dispersal_statue_hall, grunt_decor_cap
D:2:      layout_basic
D:3:      layout_basic, pf_guarded_unrand_woodcutter, uniq_jessica
D:4:      layout_gridville, minmay_temple_entry_statues_fountains
D:5:      layout_gridville, cheibrodos_ashenzari_chains
D:6:      layout_rooms
Temple:   chequers_temple_sunken

Skill      XL: |  1  2  3  4  5  6  7  8 |
---------------+-------------------------+-----
Conjurations   | 2 3 4 5 |  5.0
Translocations | 2 3 4 |  4.7
Spellcasting   | 5 6 7 |  7.5
Air Magic      | 1 2 3 |  3.2
Poison Magic   | 1 2 4 5 6 |  6.1
Dodging        | |  2.4
Stealth        | |  2.4
Summonings     | |  1.1

Action                     |  1- 3 |  4- 6 |  7- 9 || total
---------------------------+-------+-------+-------++-------
  Melee: Dagger            |     2 |    10 |       ||    12
         Battleaxe         |       |     6 |    51 ||    57
   Cast: Magic Dart        |   120 |   243 |   132 ||   495
         Blink             |     1 |       |     3 ||     4
         Mephitic Cloud    |       |     6 |    11 ||    17
    Use: Potion            |     1 |       |       ||     1
   Stab: Confused          |       |       |     4 ||     4
 Armour: Robe              |       |    12 |    17 ||    29
  Dodge: Dodged            |    12 |    44 |    40 ||    96

Table legend: (Time is in decaauts)
 A = Elapsed time spent in this place.
 B = Non-inter-level travel time spent in this place.
 C = Inter-level travel time spent in this place.
 D = Time resting spent in this place.
 E = Time spent auto-exploring this place.
 F = Levels seen in this place.
 G = Mean time per level.
                   A        B        C        D        E       F      G
               +--------+--------+--------+--------+--------+-----+--------+
         Total |   6711 |   6392 |    319 |   1536 |   3731 |   7 |  958.7 |
       Dungeon |   6458 |   6171 |    287 |   1536 |   3517 |   6 | 1076.3 |
        Temple |    252 |    220 |     32 |      0 |    213 |   1 |  252.0 |
               +--------+--------+--------+--------+--------+-----+--------+

Top non-repeatable levels by time:
     D:1: 1817 daAuts
     D:3: 1405 daAuts
     D:5: 1036 daAuts
     D:2: 913 daAuts
     D:4: 859 daAuts
     D:6: 426 daAuts
  Temple: 252 daAuts
